Influenza vs Rafales

Created - 8 février 2017 at 23:39

Goals
1 2 3 T
Influenza 1 1 2 4
Rafales 2 1 3 6
Shots
1 2 3 T
Influenza 17 6 12 35
Rafales 11 14 8 33

1st period

1. Rafales , Nathan Davis 14 (Jonathan Rheault, Jeff Skinner) at 5:57
2. Influenza , Evgeny Grachev 27 (Charlie Coyle, Matt Corrente) at 12:21 (SH)
3. Rafales , Jonathan Rheault 14 (Nathan Davis, Jeff Skinner) at 15:31

Penalties :
Ben Smith (VJB) for Tripping (Minor) at 12:11

2nd period

4. Influenza , Evgeny Grachev 28 (Mathieu Carle, John Klingberg) at 11:32
5. Rafales , Milan Bartovic 20 (Cody McLeod, Marc-André Gragnani) at 15:18

Penalties :
Nathan Davis (Stf) for High sticking (Minor) at 0:38, Ben Smith (VJB) for Hooking (Minor) at 4:00, Nathan Davis (Stf) for Checking from behind (Minor) at 16:20

3rd period

6. Rafales , Mike Zigomanis 36 (Cody McLeod, Milan Bartovic) at 1:18 (PP)
7. Rafales , Johan Ryno 8 (Jonathan Rheault) at 7:48 (PP)
8. Influenza , Corey Tropp 6 (John Klingberg, Ryan Russell) at 11:14
9. Influenza , Ben Smith 26 (Jamie Benn, Evgeny Grachev) at 11:38
10. Rafales , Cody McLeod 34 (Milan Bartovic, Dan Fritsche) at 16:48 (PP)

Penalties :
Robbie Earl (VJB) for Roughing (Minor) at 1:01, T.J Galiardi (VJB) for Cross-checking (Minor) at 6:02, Carl Gunnarsson (VJB) for Cross-checking (Minor) at 16:35, Evgeny Grachev (VJB) for Hooking (Minor) at 19:08

Goalie Stats

Thomas McCollum (VJB), 27 saves from 33 shots - (0,818), L, 21-10-2, 60:00 minutes
John Gibson (Stf), 31 saves from 35 shots - (0,886), W, 17-12-3, 60:00 minutes

Players Stats for Influenza

Player Name              G  A  P  +/- PIM S  H  SB GA TA FO     MP     PP MP  PK MP  
------------------------------------------------------------------------------------
Andreas Engqvist         0  0  0   0  0   0  0  0  0  0  1/1     7:16   0:00   0:00 
Ben Smith                1  0  1   1  4   3  1  1  1  0  0/0    20:40   1:53   1:42 
Carl Gunnarsson          0  0  0   0  2   1  1  2  0  1  0/0    20:32   1:58   2:51 
Charlie Coyle            0  1  1   0  0   1  0  2  0  0  5/16   19:00   1:53   3:10 
Corey Tropp              1  0  1   0  0   2  1  0  0  0  0/0     7:16   0:00   0:00 
Evgeny Grachev           2  1  3   2  2   8  2  0  1  0  18/32  22:26   2:05   3:01 
Jamie Benn               0  1  1   1  0   2  0  0  1  1  1/3    21:48   2:05   2:17 
Jeff May                 0  0  0   0  0   1  2  2  0  0  0/0    10:51   0:00   0:30 
Jeremy Morin             0  0  0   0  0   1  2  0  0  0  0/1    10:32   0:05   0:00 
John Klingberg           0  2  2   1  0   3  2  1  0  0  0/0    28:36   2:00   3:44 
Jordan Schroeder         0  0  0   0  0   1  2  0  0  1  2/7    12:55   0:00   2:32 
Martins Karsums          0  0  0  -1  0   3  1  1  1  0  2/2    16:07   2:00   0:00 
Mathieu Carle            0  1  1   1  0   1  1  1  1  5  0/0    28:36   2:00   3:44 
Matt Corrente            0  1  1   0  0   1  3  4  0  2  0/0    20:33   1:58   2:51 
Robbie Earl              0  0  0  -1  2   2  1  0  2  0  2/3    17:17   1:53   1:28 
Ryan Russell             0  1  1   0  0   2  2  0  0  1  1/1     7:16   0:00   0:00 
T.J Galiardi             0  0  0   0  2   3  3  0  0  1  0/0    10:17   0:00   0:00 
Tim Erixon               0  0  0   0  0   0  0  2  0  0  0/0    10:51   0:00   0:30 

Players Stats for Rafales

Player Name              G  A  P  +/- PIM S  H  SB GA TA FO     MP     PP MP  PK MP  
------------------------------------------------------------------------------------
Bruno Gervais            0  0  0  -1  0   1  1  2  0  2  0/0    27:02   5:08   0:00 
Cody McLeod              1  2  3  -1  0   9  1  0  3  1  1/3    22:46   4:09   1:54 
Connor Murphy            0  0  0   2  0   0  0  0  0  0  0/0    11:14   0:00   0:00 
Dan Fritsche             0  1  1  -2  0   0  1  0  0  0  6/11   13:08   0:45   0:47 
Jeff Skinner             0  2  2   1  0   0  0  0  1  0  1/2    19:05   2:52   1:36 
Johan Ryno               1  0  1   0  0   2  2  0  1  0  0/0     7:57   0:04   0:00 
Jonas Junland            0  0  0  -2  0   1  0  1  0  0  0/0    19:20   1:57   1:37 
Jonathan Rheault         1  2  3   2  0   2  1  1  2  0  0/1    15:59   2:52   0:00 
Kevin Veilleux           0  0  0   0  0   0  0  1  0  0  1/2     7:53   0:00   0:00 
Marc-André Gragnani      0  1  1   2  0   0  0  0  0  1  0/0    15:53   1:57   2:21 
Matt Gilroy              0  0  0  -1  0   3  2  1  0  1  0/0    28:21   5:08   1:37 
Michael Bournival        0  0  0   0  0   0  2  0  1  0  1/1     8:59   0:04   0:28 
Mike Sislo               0  0  0  -2  0   1  1  0  0  0  0/0    11:01   0:00   0:00 
Mike Zigomanis           1  0  1   0  0   5  1  1  1  0  12/27  19:47   3:24   2:00 
Milan Bartovic           1  2  3  -1  0   3  2  1  0  0  1/1    22:03   4:09   1:11 
Nathan Davis             1  1  2   2  4   2  3  0  1  0  11/18  16:21   2:56   0:00 
Tim Crowder              0  0  0  -2  0   2  0  0  2  0  0/0    11:01   0:00   0:00 
Willie Mitchell          0  0  0  -2  0   2  1  1  0  2  0/0    18:10   0:00   2:21 

3 Stars

1 - Evgeny Grachev (VJB)
2 - Jonathan Rheault (Stf)
3 - Milan Bartovic (Stf)

Power Play

Influenza - 0 on 2 Attempt(s) - 0,00%
Rafales - 3 on 6 Attempt(s) - 50,00%

Penalty Kill

Influenza - 3 on 6 Attempt(s) - 50,00% - Score 1 goal in Penalty Kill
Rafales - 2 on 2 Attempt(s) - 100,00% - Score 0 goal in Penalty Kill

Team Stat

Influenza - Hits : 24 - Faceoff Wins : 32 - Blocked Shots : 16 - Penalty Minutes : 12
Rafales - Hits : 18 - Faceoff Wins : 34 - Blocked Shots : 9 - Penalty Minutes : 4

Official

Referees : Dwyer Gord and Pochmara Brian
Linesman : David Brisebois and Tim Nowak

Game Notes

17:03 of 1st period - Rafales goal is going for a video replay. After video review, No Goal. The puck has been kicked using a distinct kicking motion.
Mike Zigomanis is injured at 11:34 of 3rd period (Left Hand)

Finance

Level 1 -- Attendance: 1412 (70,60%) -- Ticket Income 49 420 $
Level 2 -- Attendance: 679 (67,90%) -- Ticket Income 10 185 $
Total Attendance: 2091 (69,70%)
Total Ticket Income: 59 605 $
Other Income: 2 980 $
Total Income: 62 585 $

Influenza

5 vs 5 Forward 
   Center                   Left Wing                Right Wing               Time % Phy DF OF 
 1 Evgeny Grachev           Jamie Benn               Ben Smith                40     1   2  2  
 2 Charlie Coyle            Robbie Earl              Martins Karsums          30     1   2  2  
 3 Jordan Schroeder         T.J Galiardi             Jeremy Morin             20     1   2  2  
 4 Andreas Engqvist         Ryan Russell             Corey Tropp              10     1   2  2  

5 vs 5 Defense 
   Defense                  Defense                                           Time % Phy DF OF 
 1 John Klingberg           Mathieu Carle                                     40     1   2  2  
 2 Carl Gunnarsson          Matt Corrente                                     30     1   2  2  
 3 Tim Erixon               Jeff May                                          20     1   2  2  
 4 John Klingberg           Mathieu Carle                                     10     1   2  2  

PowerPlay Forward 
   Center                   Left Wing                Right Wing               Time % Phy DF OF 
 1 Evgeny Grachev           Jamie Benn               Martins Karsums          60     1   2  2  
 2 Charlie Coyle            Robbie Earl              Ben Smith                40     1   2  2  

PowerPlay Defense
   Defense                  Defense                                           Time % Phy DF OF 
 1 John Klingberg           Mathieu Carle                                     60     1   2  2  
 2 Carl Gunnarsson          Matt Corrente                                     40     1   2  2  

Penalty Kill 4 Players Forward 
   Center                   Wing                     Time % Phy DF OF 
 1 Evgeny Grachev           Ben Smith                60     1   2  2  
 2 Charlie Coyle            Jamie Benn               40     1   2  2  

Penalty Kill 4 Players Defense
   Defense                  Defense                  Time % Phy DF OF 
 1 John Klingberg           Mathieu Carle            60     1   2  2  
 2 Carl Gunnarsson          Matt Corrente            40     1   2  2  

Penalty Kill - 3 Players Forward 
   Forward                                           Time % Phy DF OF 
 1 Evgeny Grachev                                    60     1   2  2  
 2 Charlie Coyle                                     40     1   2  2  

Penalty Kill - 3 Players Defense
   Defense                  Defense                  Time % Phy DF OF 
 1 John Klingberg           Mathieu Carle            60     1   2  2  
 2 Carl Gunnarsson          Matt Corrente            40     1   2  2  

4 vs 4 Forward 
   Center                   Wing                     Time % Phy DF OF 
 1 Evgeny Grachev           Ben Smith                60     1   2  2  
 2 Charlie Coyle            Jamie Benn               40     1   2  2  

4 vs 4 Defense
   Defense                  Defense                  Time % Phy DF OF 
 1 John Klingberg           Mathieu Carle            60     1   2  2  
 2 Carl Gunnarsson          Matt Corrente            40     1   2  2  

Last Minutes Offensive
   Center                   Left Wing                Right Wing               Defense                  Defense                  
   Evgeny Grachev           Jamie Benn               Martins Karsums          John Klingberg           Mathieu Carle            

Last Minutes Defensive
   Center                   Left Wing                Right Wing               Defense                  Defense                  
   Charlie Coyle            Robbie Earl              Ben Smith                John Klingberg           Mathieu Carle            

Goaltenders
Starting : Thomas McCollum          
Backup : Olivier Roy              

Extra Forwards
Normal : Charlie Coyle, Ben Smith, Jeremy Morin - PP : Evgeny Grachev, Ben Smith - PK : Charlie Coyle
Extra Defensemen
Normal : Carl Gunnarsson, John Klingberg, Matt Corrente - PP : Carl Gunnarsson - PK : Carl Gunnarsson, Mathieu Carle
Penalty Shots
Jamie Benn, Robbie Earl, Ben Smith, John Klingberg, Evgeny Grachev

Rafales

5 vs 5 Forward 
   Center                   Left Wing                Right Wing               Time % Phy DF OF 
 1 Mike Zigomanis           Cody McLeod              Milan Bartovic           40     0   0  5  
 2 Nathan Davis             Jeff Skinner             Jonathan Rheault         30     0   1  4  
 3 Dan Fritsche             Mike Sislo               Tim Crowder              20     0   0  5  
 4 Kevin Veilleux           Michael Bournival        Johan Ryno               10     0   0  5  

5 vs 5 Defense 
   Defense                  Defense                                           Time % Phy DF OF 
 1 Matt Gilroy              Bruno Gervais                                     40     0   4  1  
 2 Willie Mitchell          Jonas Junland                                     30     0   3  2  
 3 Marc-André Gragnani      Connor Murphy                                     20     0   4  1  
 4 Bruno Gervais            Matt Gilroy                                       10     0   4  1  

PowerPlay Forward 
   Center                   Left Wing                Right Wing               Time % Phy DF OF 
 1 Mike Zigomanis           Cody McLeod              Milan Bartovic           60     0   0  5  
 2 Nathan Davis             Jeff Skinner             Jonathan Rheault         40     0   0  5  

PowerPlay Defense
   Defense                  Defense                                           Time % Phy DF OF 
 1 Matt Gilroy              Bruno Gervais                                     60     0   1  4  
 2 Marc-André Gragnani      Jonas Junland                                     40     0   1  4  

Penalty Kill 4 Players Forward 
   Center                   Wing                     Time % Phy DF OF 
 1 Mike Zigomanis           Cody McLeod              60     0   3  2  
 2 Milan Bartovic           Nathan Davis             40     0   3  2  

Penalty Kill 4 Players Defense
   Defense                  Defense                  Time % Phy DF OF 
 1 Willie Mitchell          Marc-André Gragnani      60     0   5  0  
 2 Matt Gilroy              Jonas Junland            40     0   5  0  

Penalty Kill - 3 Players Forward 
   Forward                                           Time % Phy DF OF 
 1 Mike Zigomanis                                    60     0   3  2  
 2 Cody McLeod                                       40     0   3  2  

Penalty Kill - 3 Players Defense
   Defense                  Defense                  Time % Phy DF OF 
 1 Willie Mitchell          Marc-André Gragnani      60     0   5  0  
 2 Matt Gilroy              Jonas Junland            40     0   5  0  

4 vs 4 Forward 
   Center                   Wing                     Time % Phy DF OF 
 1 Mike Zigomanis           Cody McLeod              60     0   2  3  
 2 Milan Bartovic           Nathan Davis             40     0   2  3  

4 vs 4 Defense
   Defense                  Defense                  Time % Phy DF OF 
 1 Matt Gilroy              Bruno Gervais            60     0   3  2  
 2 Marc-André Gragnani      Jonas Junland            40     0   3  2  

Last Minutes Offensive
   Center                   Left Wing                Right Wing               Defense                  Defense                  
   Mike Zigomanis           Cody McLeod              Jeff Skinner             Matt Gilroy              Bruno Gervais            

Last Minutes Defensive
   Center                   Left Wing                Right Wing               Defense                  Defense                  
   Dan Fritsche             Michael Bournival        Milan Bartovic           Willie Mitchell          Marc-André Gragnani      

Goaltenders
Starting : John Gibson              
Backup : Philipp Grubauer         

Extra Forwards
Normal : Cody McLeod, Mike Zigomanis, Jeff Skinner - PP : Cody McLeod, Mike Zigomanis - PK : Milan Bartovic
Extra Defensemen
Normal : Matt Gilroy, Bruno Gervais, Willie Mitchell - PP : Matt Gilroy - PK : Willie Mitchell, Bruno Gervais
Penalty Shots
Mike Zigomanis, Cody McLeod, Milan Bartovic, Nathan Davis, Jeff Skinner

% Time on Ice - Influenza

Lines # - Real PCT - Wanted PCT - Time Play
Normal Forward
1 - 36% - 40% - 17:27
2 - 28% - 30% - 13:56
3 - 21% - 20% - 10:18
4 - 15% - 10% - 7:16
Normal Defense
1 - 42% - 40% - 20:24
2 - 32% - 30% - 15:44
3 - 21% - 20% - 10:21
4 - 5% - 10% - 2:28
PP Forward
1 - 53% - 60% - 2:05
2 - 47% - 40% - 1:53
PP Defense
1 - 50% - 60% - 2:00
2 - 50% - 40% - 1:58
PK Forward
1 - 99% - 60% - 6:59
2 - 1% - 40% - 0:06
PK Defense
1 - 60% - 60% - 4:14
2 - 40% - 40% - 2:51
PK3 Forward
1 - 0% - 60%
2 - 0% - 40%
PK3 Defense
1 - 0% - 60%
2 - 0% - 40%
44 Forward
1 - 0% - 60%
2 - 0% - 40%
44 Defense
1 - 0% - 60%
2 - 0% - 40%
Last Minute Offensive  - 0:00
Last Minute Defensive  - 0:00
Total
Forward - 60:00
Defense - 60:00

% Time on Ice - Rafales

Lines # - Real PCT - Wanted PCT - Time Play
Normal Forward
1 - 35% - 40% - 16:56
2 - 27% - 30% - 13:07
3 - 23% - 20% - 11:01
4 - 16% - 10% - 7:53
Normal Defense
1 - 40% - 40% - 19:42
2 - 32% - 30% - 15:46
3 - 23% - 20% - 11:14
4 - 5% - 10% - 2:15
PP Forward
1 - 60% - 60% - 4:13
2 - 40% - 40% - 2:52
PP Defense
1 - 72% - 60% - 5:08
2 - 28% - 40% - 1:57
PK Forward
1 - 73% - 60% - 2:53
2 - 27% - 40% - 1:05
PK Defense
1 - 59% - 60% - 2:21
2 - 41% - 40% - 1:37
PK3 Forward
1 - 0% - 60%
2 - 0% - 40%
PK3 Defense
1 - 0% - 60%
2 - 0% - 40%
44 Forward
1 - 0% - 60%
2 - 0% - 40%
44 Defense
1 - 0% - 60%
2 - 0% - 40%
Last Minute Offensive  - 0:00
Last Minute Defensive  - 0:00
Total
Forward - 60:00
Defense - 60:00

Play by Play

1st period


0:01 of 1st period - Evgeny Grachev wins face-off versus Cody McLeod in neutral zone.
0:03 of 1st period - Off-side.
0:04 of 1st period - Mike Zigomanis wins face-off versus Evgeny Grachev in neutral zone.
0:07 of 1st period - Backhand shot by Cody McLeod.
0:07 of 1st period - Stopped by Thomas McCollum without a rebound.
0:08 of 1st period - Mike Zigomanis wins face-off versus Evgeny Grachev in Influenza zone.
0:19 of 1st period - Slapshot by Jamie Benn.
0:19 of 1st period - Deflect By Ben Smith.
0:19 of 1st period - Stopped by John Gibson with a rebound.
1:03 of 1st period - Wrist shot by Martins Karsums.
1:03 of 1st period - Stopped by John Gibson without a rebound.
1:04 of 1st period - Kevin Veilleux wins face-off versus Jordan Schroeder in Rafales zone.
1:33 of 1st period - Snap shot by Martins Karsums.
1:33 of 1st period - Stopped by John Gibson with a rebound.
1:55 of 1st period - Off-side.
1:56 of 1st period - Ryan Russell wins face-off versus Mike Zigomanis in neutral zone.
1:59 of 1st period - Matt Gilroy is hit by Corey Tropp and loses puck.
2:20 of 1st period - Bruno Gervais is hit by Ryan Russell and loses puck.
2:39 of 1st period - Snap shot by Cody McLeod.
2:39 of 1st period - Shot Misses the Net.
2:41 of 1st period - Snap shot by Mike Zigomanis.
2:41 of 1st period - Stopped by Thomas McCollum without a rebound.
2:42 of 1st period - Dan Fritsche wins face-off versus Charlie Coyle in Influenza zone.
3:07 of 1st period - Willie Mitchell is hit by Matt Corrente and loses puck.
5:24 of 1st period - Icing by Willie Mitchell.
5:25 of 1st period - Dan Fritsche wins face-off versus Evgeny Grachev in Rafales zone.
5:32 of 1st period - Wrist shot by Evgeny Grachev.
5:32 of 1st period - Stopped by John Gibson without a rebound.
5:33 of 1st period - Evgeny Grachev wins face-off versus Nathan Davis in Rafales zone.
5:43 of 1st period - Off-side.
5:44 of 1st period - Nathan Davis wins face-off versus Evgeny Grachev in neutral zone.
5:57 of 1st period - Snap shot by Jonathan Rheault.
5:57 of 1st period - Deflect By Nathan Davis.
5:57 of 1st period - Goal by Nathan Davis - Influenza : 0 - Rafales : 1.
5:58 of 1st period - Nathan Davis wins face-off versus Jordan Schroeder in neutral zone.
6:09 of 1st period - Snap shot by Nathan Davis.
6:09 of 1st period - Deflect By Jeff Skinner.
6:09 of 1st period - Shot Blocked by Tim Erixon.
6:09 of 1st period - Puck is out of play.
6:10 of 1st period - Evgeny Grachev wins face-off versus Mike Zigomanis in Influenza zone.
6:17 of 1st period - Wrist shot by Jamie Benn.
6:17 of 1st period - Shot Misses the Net.
6:19 of 1st period - Snap shot by Evgeny Grachev.
6:19 of 1st period - Stopped by John Gibson without a rebound.
6:20 of 1st period - Evgeny Grachev wins face-off versus Mike Zigomanis in Rafales zone.
6:23 of 1st period - Wrist shot by Ben Smith.
6:23 of 1st period - Shot Misses the Net.
7:05 of 1st period - Wrist shot by Evgeny Grachev.
7:05 of 1st period - Shot Blocked by Matt Gilroy.
7:11 of 1st period - Wrist shot by Jamie Benn.
7:11 of 1st period - Stopped by John Gibson without a rebound.
7:12 of 1st period - Martins Karsums wins face-off versus Nathan Davis in Rafales zone.
7:13 of 1st period - Snap shot by Robbie Earl.
7:13 of 1st period - Shot Blocked by Jonathan Rheault.
7:23 of 1st period - Wrist shot by Robbie Earl.
7:23 of 1st period - Stopped by John Gibson with a rebound.
7:44 of 1st period - Willie Mitchell is hit by Jeff May and loses puck.
8:10 of 1st period - Andreas Engqvist is hit by Matt Gilroy and loses puck.
8:37 of 1st period - Off-side.
8:38 of 1st period - Evgeny Grachev wins face-off versus Dan Fritsche in neutral zone.
8:47 of 1st period - Snap shot by Jamie Benn.
8:47 of 1st period - Shot Misses the Net.
8:49 of 1st period - Slapshot by Ben Smith.
8:49 of 1st period - Shot Misses the Net.
8:51 of 1st period - Snap shot by Evgeny Grachev.
8:51 of 1st period - Stopped by John Gibson with a rebound.
8:53 of 1st period - Slapshot by Matt Corrente.
8:53 of 1st period - Deflect By Evgeny Grachev.
8:53 of 1st period - Stopped by John Gibson without a rebound.
8:54 of 1st period - Mike Zigomanis wins face-off versus Charlie Coyle in Rafales zone.
9:29 of 1st period - Wrist shot by Ben Smith.
9:29 of 1st period - Shot Blocked by Mike Zigomanis.
9:31 of 1st period - Slapshot by Matt Corrente.
9:31 of 1st period - Deflect By Jamie Benn.
9:31 of 1st period - Shot Misses the Net.
9:31 of 1st period - Puck is out of play.
9:32 of 1st period - Charlie Coyle wins face-off versus Nathan Davis in Rafales zone.
10:24 of 1st period - Slapshot by John Klingberg.
10:24 of 1st period - Stopped by John Gibson without a rebound.
10:25 of 1st period - Evgeny Grachev wins face-off versus Nathan Davis in Rafales zone.
10:52 of 1st period - Carl Gunnarsson is hit by Matt Gilroy and loses puck.
11:25 of 1st period - Wrist shot by Corey Tropp.
11:25 of 1st period - Stopped by John Gibson without a rebound.
11:26 of 1st period - Nathan Davis wins face-off versus Charlie Coyle in Rafales zone.
11:31 of 1st period - Mathieu Carle is hit by Nathan Davis and loses puck.
11:52 of 1st period - Evgeny Grachev is hit by Milan Bartovic and loses puck.
12:11 of 1st period - Minor Penalty to Ben Smith for Tripping.
12:12 of 1st period - Evgeny Grachev wins face-off versus Mike Zigomanis in Influenza zone.
12:21 of 1st period - Wrist shot by Evgeny Grachev.
12:21 of 1st period - Goal by Evgeny Grachev - Influenza : 1 - Rafales : 1.
12:22 of 1st period - Mike Zigomanis wins face-off versus Evgeny Grachev in neutral zone.
12:37 of 1st period - Wrist shot by Cody McLeod.
12:37 of 1st period - Shot Blocked by John Klingberg.
13:25 of 1st period - Nathan Davis is hit by Matt Corrente and loses puck.
14:11 of 1st period - Penalty to Ben Smith is over, Ben Smith is back on ice.
14:41 of 1st period - Mike Sislo is hit by Robbie Earl and loses puck.
14:56 of 1st period - Snap shot by Bruno Gervais.
14:56 of 1st period - Stopped by Thomas McCollum without a rebound.
14:57 of 1st period - Michael Bournival wins face-off versus Jordan Schroeder in Influenza zone.
15:31 of 1st period - Slapshot by Jonathan Rheault.
15:31 of 1st period - Goal by Jonathan Rheault - Influenza : 1 - Rafales : 2.
15:32 of 1st period - Mike Zigomanis wins face-off versus Evgeny Grachev in neutral zone.
16:28 of 1st period - Wrist shot by Jordan Schroeder.
16:28 of 1st period - Shot Misses the Net.
16:45 of 1st period - Snap shot by Johan Ryno.
16:45 of 1st period - Shot Blocked by Matt Corrente.
16:47 of 1st period - Snap shot by Kevin Veilleux.
16:47 of 1st period - Shot Misses the Net.
16:49 of 1st period - Slapshot by Marc-André Gragnani.
16:49 of 1st period - Shot Misses the Net.
16:51 of 1st period - Slapshot by Michael Bournival.
16:51 of 1st period - Shot Misses the Net.
16:53 of 1st period - Slapshot by Marc-André Gragnani.
16:53 of 1st period - Deflect By Johan Ryno.
16:53 of 1st period - Shot Misses the Net.
16:53 of 1st period - Puck is out of play.
16:54 of 1st period - Mike Zigomanis wins face-off versus Charlie Coyle in Influenza zone.
16:57 of 1st period - Slapshot by Cody McLeod.
16:57 of 1st period - Shot Blocked by Charlie Coyle.
16:59 of 1st period - Slapshot by Milan Bartovic.
16:59 of 1st period - Shot Blocked by Charlie Coyle.
17:01 of 1st period - Snap shot by Mike Zigomanis.
17:01 of 1st period - Shot Misses the Net.
17:03 of 1st period - Snap shot by Cody McLeod.
17:03 of 1st period - Rafales goal is going for a video replay.
17:03 of 1st period - The goal is refused. The puck has been kicked using a distinct kicking motion..
17:04 of 1st period - Mike Zigomanis wins face-off versus Charlie Coyle in Influenza zone.
17:05 of 1st period - Slapshot by Milan Bartovic.
17:05 of 1st period - Shot Misses the Net.
17:07 of 1st period - Slapshot by Willie Mitchell.
17:07 of 1st period - Stopped by Thomas McCollum with a rebound.
17:09 of 1st period - Slapshot by Jonas Junland.
17:09 of 1st period - Shot Blocked by Jeff May.
17:11 of 1st period - Slapshot by Willie Mitchell.
17:11 of 1st period - Stopped by Thomas McCollum with a rebound.
17:13 of 1st period - Slapshot by Cody McLeod.
17:13 of 1st period - Stopped by Thomas McCollum with a rebound.
17:15 of 1st period - Snap shot by Jonas Junland.
17:15 of 1st period - Stopped by Thomas McCollum with a rebound.
17:17 of 1st period - Slapshot by Mike Zigomanis.
17:17 of 1st period - Stopped by Thomas McCollum with a rebound.
17:19 of 1st period - Slapshot by Jonas Junland.
17:19 of 1st period - Deflect By Milan Bartovic.
17:19 of 1st period - Shot Misses the Net.
17:19 of 1st period - Puck is out of play.
17:20 of 1st period - Evgeny Grachev wins face-off versus Jonathan Rheault in Influenza zone.
18:07 of 1st period - Wrist shot by T.J Galiardi.
18:07 of 1st period - Stopped by John Gibson with a rebound.
18:09 of 1st period - Wrist shot by Jeremy Morin.
18:09 of 1st period - Stopped by John Gibson without a rebound.
18:10 of 1st period - Nathan Davis wins face-off versus Jordan Schroeder in Rafales zone.
18:19 of 1st period - Snap shot by Jordan Schroeder.
18:19 of 1st period - Stopped by John Gibson with a rebound.
18:21 of 1st period - Slapshot by Tim Erixon.
18:21 of 1st period - Shot Misses the Net.
18:23 of 1st period - Slapshot by Jeff May.
18:23 of 1st period - Stopped by John Gibson without a rebound.
18:24 of 1st period - Evgeny Grachev wins face-off versus Mike Zigomanis in Rafales zone.
18:35 of 1st period - Snap shot by Jamie Benn.
18:35 of 1st period - Deflect By Ben Smith.
18:35 of 1st period - Shot Blocked by Bruno Gervais.
18:35 of 1st period - Puck is out of play.
18:36 of 1st period - Jamie Benn wins face-off versus Mike Zigomanis in Rafales zone.
19:14 of 1st period - Snap shot by Nathan Davis.
19:14 of 1st period - Shot Misses the Net.
19:26 of 1st period - Jonas Junland is hit by T.J Galiardi and loses puck.
19:47 of 1st period - Michael Bournival is hit by Ryan Russell and loses puck.
19:54 of 1st period - Snap shot by Andreas Engqvist.
19:54 of 1st period - Deflect By Ryan Russell.
19:54 of 1st period - Stopped by John Gibson with a rebound.
Goals for this period are 1 for Influenza vs 2 for Rafales.
Shots for this period are 17 for Influenza vs 11 for Rafales.

2nd period


0:01 of 2nd period - Evgeny Grachev wins face-off versus Mike Zigomanis in neutral zone.
0:16 of 2nd period - Slapshot by Matt Gilroy.
0:16 of 2nd period - Stopped by Thomas McCollum without a rebound.
0:17 of 2nd period - Robbie Earl wins face-off versus Nathan Davis in Influenza zone.
0:38 of 2nd period - Minor Penalty to Nathan Davis for High sticking.
0:39 of 2nd period - Mike Zigomanis wins face-off versus Jamie Benn in Rafales zone.
2:38 of 2nd period - Penalty to Nathan Davis is over, Nathan Davis is back on ice.
2:38 of 2nd period - Icing by Martins Karsums.
2:39 of 2nd period - Dan Fritsche wins face-off versus Jamie Benn in Influenza zone.
2:46 of 2nd period - Slapshot by Mike Sislo.
2:46 of 2nd period - Shot Blocked by Carl Gunnarsson.
2:48 of 2nd period - Wrist shot by Tim Crowder.
2:48 of 2nd period - Stopped by Thomas McCollum without a rebound.
2:49 of 2nd period - Jordan Schroeder wins face-off versus Dan Fritsche in Influenza zone.
3:12 of 2nd period - Bruno Gervais is hit by Jeremy Morin and loses puck.
3:21 of 2nd period - Snap shot by T.J Galiardi.
3:21 of 2nd period - Stopped by John Gibson with a rebound.
3:23 of 2nd period - Slapshot by John Klingberg.
3:23 of 2nd period - Stopped by John Gibson with a rebound.
3:25 of 2nd period - Snap shot by T.J Galiardi.
3:25 of 2nd period - Deflect By Jordan Schroeder.
3:25 of 2nd period - Shot Blocked by Bruno Gervais.
3:25 of 2nd period - Puck is out of play.
3:26 of 2nd period - Evgeny Grachev wins face-off versus Mike Zigomanis in Rafales zone.
3:39 of 2nd period - Wrist shot by Milan Bartovic.
3:39 of 2nd period - Stopped by Thomas McCollum with a rebound.
3:41 of 2nd period - Slapshot by Milan Bartovic.
3:41 of 2nd period - Shot Blocked by Jeff May.
3:51 of 2nd period - Jamie Benn is hit by Michael Bournival and loses puck.
3:58 of 2nd period - Snap shot by Johan Ryno.
3:58 of 2nd period - Shot Blocked by Ben Smith.
4:00 of 2nd period - Minor Penalty to Ben Smith for Hooking.
4:01 of 2nd period - Evgeny Grachev wins face-off versus Mike Zigomanis in Influenza zone.
4:14 of 2nd period - Slapshot by Matt Gilroy.
4:14 of 2nd period - Stopped by Thomas McCollum without a rebound.
4:15 of 2nd period - Evgeny Grachev wins face-off versus Mike Zigomanis in Influenza zone.
6:00 of 2nd period - Penalty to Ben Smith is over, Ben Smith is back on ice.
6:38 of 2nd period - Bruno Gervais is hit by Jordan Schroeder.
7:41 of 2nd period - Carl Gunnarsson is hit by Cody McLeod and loses puck.
7:58 of 2nd period - Wrist shot by Ben Smith.
7:58 of 2nd period - Deflect By Evgeny Grachev.
7:58 of 2nd period - Shot Misses the Net.
7:58 of 2nd period - Puck is out of play.
7:59 of 2nd period - Nathan Davis wins face-off versus Evgeny Grachev in Rafales zone.
8:06 of 2nd period - Snap shot by Jamie Benn.
8:06 of 2nd period - Shot Blocked by Willie Mitchell.
8:08 of 2nd period - Wrist shot by Ben Smith.
8:08 of 2nd period - Deflect By Jamie Benn.
8:08 of 2nd period - Shot Misses the Net.
8:08 of 2nd period - Puck is out of play.
8:09 of 2nd period - Nathan Davis wins face-off versus Evgeny Grachev in Rafales zone.
8:09 of 2nd period - Nathan Davis is hit by Mathieu Carle.
8:33 of 2nd period - Off-side.
8:34 of 2nd period - Mike Zigomanis wins face-off versus Charlie Coyle in neutral zone.
8:37 of 2nd period - Wrist shot by Mike Zigomanis.
8:37 of 2nd period - Stopped by Thomas McCollum with a rebound.
8:39 of 2nd period - Snap shot by Mike Zigomanis.
8:39 of 2nd period - Shot Misses the Net.
9:46 of 2nd period - Snap shot by Robbie Earl.
9:46 of 2nd period - Shot Misses the Net.
9:48 of 2nd period - Snap shot by Charlie Coyle.
9:48 of 2nd period - Stopped by John Gibson without a rebound.
9:49 of 2nd period - Milan Bartovic wins face-off versus Charlie Coyle in Rafales zone.
10:00 of 2nd period - Snap shot by Mike Zigomanis.
10:00 of 2nd period - Shot Misses the Net.
10:02 of 2nd period - Wrist shot by Cody McLeod.
10:02 of 2nd period - Stopped by Thomas McCollum with a rebound.
10:04 of 2nd period - Slapshot by Matt Gilroy.
10:04 of 2nd period - Shot Misses the Net.
10:24 of 2nd period - Wrist shot by Jonathan Rheault.
10:24 of 2nd period - Stopped by Thomas McCollum with a rebound.
10:42 of 2nd period - Mathieu Carle is hit by Johan Ryno and loses puck.
11:09 of 2nd period - Ben Smith is hit by Mike Zigomanis and loses puck.
11:28 of 2nd period - Slapshot by John Klingberg.
11:28 of 2nd period - Stopped by John Gibson with a rebound.
11:30 of 2nd period - Slapshot by Mathieu Carle.
11:30 of 2nd period - Shot Blocked by Jonas Junland.
11:32 of 2nd period - Snap shot by Evgeny Grachev.
11:32 of 2nd period - Goal by Evgeny Grachev - Influenza : 2 - Rafales : 2.
11:33 of 2nd period - Mike Zigomanis wins face-off versus Charlie Coyle in neutral zone.
12:38 of 2nd period - Slapshot by Cody McLeod.
12:38 of 2nd period - Stopped by Thomas McCollum with a rebound.
12:40 of 2nd period - Wrist shot by Cody McLeod.
12:40 of 2nd period - Stopped by Thomas McCollum without a rebound.
12:41 of 2nd period - Martins Karsums wins face-off versus Mike Zigomanis in Influenza zone.
12:46 of 2nd period - Snap shot by Mike Zigomanis.
12:46 of 2nd period - Stopped by Thomas McCollum with a rebound.
12:48 of 2nd period - Wrist shot by Mike Zigomanis.
12:48 of 2nd period - Shot Blocked by Matt Corrente.
12:50 of 2nd period - Snap shot by Milan Bartovic.
12:50 of 2nd period - Shot Misses the Net.
12:52 of 2nd period - Slapshot by Jonas Junland.
12:52 of 2nd period - Shot Blocked by Martins Karsums.
12:54 of 2nd period - Snap shot by Milan Bartovic.
12:54 of 2nd period - Stopped by Thomas McCollum with a rebound.
12:56 of 2nd period - Slapshot by Cody McLeod.
12:56 of 2nd period - Shot Blocked by Carl Gunnarsson.
13:37 of 2nd period - Off-side.
13:38 of 2nd period - Charlie Coyle wins face-off versus Mike Zigomanis in neutral zone.
14:52 of 2nd period - Ryan Russell is hit by Willie Mitchell and loses puck.
15:05 of 2nd period - Charlie Coyle is hit by Milan Bartovic and loses puck.
15:12 of 2nd period - Wrist shot by Cody McLeod.
15:12 of 2nd period - Shot Blocked by Matt Corrente.
15:14 of 2nd period - Slapshot by Marc-André Gragnani.
15:14 of 2nd period - Shot Blocked by Matt Corrente.
15:16 of 2nd period - Snap shot by Cody McLeod.
15:16 of 2nd period - Stopped by Thomas McCollum with a rebound.
15:18 of 2nd period - Snap shot by Milan Bartovic.
15:18 of 2nd period - Goal by Milan Bartovic - Influenza : 2 - Rafales : 3.
15:19 of 2nd period - Mike Zigomanis wins face-off versus Evgeny Grachev in neutral zone.
15:30 of 2nd period - Milan Bartovic is hit by Evgeny Grachev and loses puck.
15:50 of 2nd period - Snap shot by Robbie Earl.
15:50 of 2nd period - Stopped by John Gibson without a rebound.
15:51 of 2nd period - Nathan Davis wins face-off versus Charlie Coyle in Rafales zone.
16:20 of 2nd period - Minor Penalty to Nathan Davis for Checking from behind.
16:21 of 2nd period - Evgeny Grachev wins face-off versus Mike Zigomanis in Rafales zone.
17:11 of 2nd period - Jeff Skinner is hit by Evgeny Grachev and loses puck.
18:18 of 2nd period - Jeremy Morin is hit by Michael Bournival and loses puck.
18:20 of 2nd period - Penalty to Nathan Davis is over, Nathan Davis is back on ice.
18:35 of 2nd period - Slapshot by Mike Sislo.
18:35 of 2nd period - Shot Misses the Net.
18:37 of 2nd period - Snap shot by Tim Crowder.
18:37 of 2nd period - Stopped by Thomas McCollum with a rebound.
18:43 of 2nd period - Slapshot by Mike Sislo.
18:43 of 2nd period - Shot Blocked by Tim Erixon.
19:34 of 2nd period - Mike Zigomanis is hit by T.J Galiardi and loses puck.
19:45 of 2nd period - Martins Karsums is hit by Johan Ryno and loses puck.
19:58 of 2nd period - Nathan Davis is hit by Ben Smith and loses puck.
Goals for this period are 1 for Influenza vs 1 for Rafales.
Shots for this period are 6 for Influenza vs 14 for Rafales.

3rd period


0:01 of 3rd period - Cody McLeod wins face-off versus Evgeny Grachev in neutral zone.
0:16 of 3rd period - Slapshot by Ben Smith.
0:16 of 3rd period - Deflect By Evgeny Grachev.
0:16 of 3rd period - Shot Misses the Net.
0:16 of 3rd period - Puck is out of play.
0:17 of 3rd period - Nathan Davis wins face-off versus Charlie Coyle in Rafales zone.
0:17 of 3rd period - Nathan Davis is hit by Martins Karsums.
0:25 of 3rd period - Snap shot by Nathan Davis.
0:25 of 3rd period - Stopped by Thomas McCollum without a rebound.
0:26 of 3rd period - Nathan Davis wins face-off versus Robbie Earl in Influenza zone.
1:01 of 3rd period - Minor Penalty to Robbie Earl for Roughing.
1:02 of 3rd period - Mike Zigomanis wins face-off versus Evgeny Grachev in Influenza zone.
1:18 of 3rd period - Wrist shot by Mike Zigomanis.
1:18 of 3rd period - Goal by Mike Zigomanis - Influenza : 2 - Rafales : 4.
1:19 of 3rd period - Evgeny Grachev wins face-off versus Mike Zigomanis in neutral zone.
1:51 of 3rd period - Off-side.
1:52 of 3rd period - Nathan Davis wins face-off versus Jeremy Morin in neutral zone.
1:57 of 3rd period - Jordan Schroeder is hit by Nathan Davis.
2:01 of 3rd period - Nathan Davis is hit by Matt Corrente and loses puck.
2:52 of 3rd period - Snap shot by Carl Gunnarsson.
2:52 of 3rd period - Stopped by John Gibson with a rebound.
2:54 of 3rd period - Slapshot by Matt Corrente.
2:54 of 3rd period - Deflect By Ben Smith.
2:54 of 3rd period - Stopped by John Gibson with a rebound.
3:20 of 3rd period - Corey Tropp is hit by Mike Sislo and loses puck.
3:39 of 3rd period - Wrist shot by Martins Karsums.
3:39 of 3rd period - Stopped by John Gibson with a rebound.
4:25 of 3rd period - Slapshot by Ben Smith.
4:25 of 3rd period - Shot Misses the Net.
4:27 of 3rd period - Snap shot by Evgeny Grachev.
4:27 of 3rd period - Stopped by John Gibson with a rebound.
5:03 of 3rd period - Wrist shot by Marc-André Gragnani.
5:03 of 3rd period - Shot Blocked by Mathieu Carle.
5:15 of 3rd period - Snap shot by Jamie Benn.
5:15 of 3rd period - Stopped by John Gibson with a rebound.
5:17 of 3rd period - Snap shot by John Klingberg.
5:17 of 3rd period - Shot Blocked by Milan Bartovic.
5:19 of 3rd period - Slapshot by Mathieu Carle.
5:19 of 3rd period - Stopped by John Gibson without a rebound.
5:20 of 3rd period - Charlie Coyle wins face-off versus Nathan Davis in Rafales zone.
6:02 of 3rd period - Minor Penalty to T.J Galiardi for Cross-checking.
6:03 of 3rd period - Charlie Coyle wins face-off versus Nathan Davis in Influenza zone.
6:03 of 3rd period - Charlie Coyle is hit by Bruno Gervais.
6:32 of 3rd period - Slapshot by Cody McLeod.
6:32 of 3rd period - Stopped by Thomas McCollum with a rebound.
6:34 of 3rd period - Slapshot by Matt Gilroy.
6:34 of 3rd period - Shot Misses the Net.
7:48 of 3rd period - Slapshot by Johan Ryno.
7:48 of 3rd period - Goal by Johan Ryno - Influenza : 2 - Rafales : 5.
7:49 of 3rd period - Robbie Earl wins face-off versus Dan Fritsche in neutral zone.
8:32 of 3rd period - Carl Gunnarsson is hit by Nathan Davis and loses puck.
8:49 of 3rd period - Snap shot by Ben Smith.
8:49 of 3rd period - Shot Misses the Net.
8:51 of 3rd period - Wrist shot by Matt Corrente.
8:51 of 3rd period - Stopped by John Gibson with a rebound.
8:53 of 3rd period - Wrist shot by Evgeny Grachev.
8:53 of 3rd period - Stopped by John Gibson without a rebound.
8:54 of 3rd period - Nathan Davis wins face-off versus Jordan Schroeder in Rafales zone.
8:54 of 3rd period - Nathan Davis is hit by Jeremy Morin.
9:26 of 3rd period - Snap shot by Milan Bartovic.
9:26 of 3rd period - Shot Misses the Net.
9:28 of 3rd period - Slapshot by Matt Gilroy.
9:28 of 3rd period - Stopped by Thomas McCollum with a rebound.
9:42 of 3rd period - Wrist shot by Ryan Russell.
9:42 of 3rd period - Stopped by John Gibson without a rebound.
9:43 of 3rd period - Andreas Engqvist wins face-off versus Kevin Veilleux in Rafales zone.
9:44 of 3rd period - Snap shot by Ryan Russell.
9:44 of 3rd period - Shot Blocked by Kevin Veilleux.
10:55 of 3rd period - Jonathan Rheault is hit by Jordan Schroeder and loses puck.
11:14 of 3rd period - Slapshot by Corey Tropp.
11:14 of 3rd period - Goal by Corey Tropp - Influenza : 3 - Rafales : 5.
11:15 of 3rd period - Evgeny Grachev wins face-off versus Mike Zigomanis in neutral zone.
11:33 of 3rd period - Mike Zigomanis is hit by John Klingberg and loses puck.
11:34 of 3rd period - Mike Zigomanis from Rafales is injured at 11:34 of 3rd period (Left Hand).
11:35 of 3rd period - Evgeny Grachev wins face-off versus Cody McLeod in Rafales zone.
11:38 of 3rd period - Snap shot by Ben Smith.
11:38 of 3rd period - Goal by Ben Smith - Influenza : 4 - Rafales : 5.
11:39 of 3rd period - Jeff Skinner wins face-off versus Evgeny Grachev in neutral zone.
12:06 of 3rd period - Dan Fritsche is hit by John Klingberg.
13:10 of 3rd period - Off-side.
13:11 of 3rd period - Dan Fritsche wins face-off versus Evgeny Grachev in neutral zone.
14:06 of 3rd period - Off-side.
14:07 of 3rd period - Evgeny Grachev wins face-off versus Jeff Skinner in neutral zone.
14:44 of 3rd period - Snap shot by Johan Ryno.
14:44 of 3rd period - Stopped by Thomas McCollum without a rebound.
14:45 of 3rd period - Dan Fritsche wins face-off versus Charlie Coyle in Influenza zone.
15:10 of 3rd period - Matt Gilroy is hit by Jeff May and loses puck.
15:21 of 3rd period - Backhand shot by Mike Sislo.
15:21 of 3rd period - Stopped by Thomas McCollum with a rebound.
15:33 of 3rd period - Cody McLeod is hit by T.J Galiardi and loses puck.
15:59 of 3rd period - Wrist shot by Ben Smith.
15:59 of 3rd period - Shot Misses the Net.
16:35 of 3rd period - Minor Penalty to Carl Gunnarsson for Cross-checking.
16:36 of 3rd period - Dan Fritsche wins face-off versus Evgeny Grachev in Influenza zone.
16:48 of 3rd period - Snap shot by Cody McLeod.
16:48 of 3rd period - Goal by Cody McLeod - Influenza : 4 - Rafales : 6.
16:49 of 3rd period - Jordan Schroeder wins face-off versus Dan Fritsche in neutral zone.
16:54 of 3rd period - Wrist shot by T.J Galiardi.
16:54 of 3rd period - Stopped by John Gibson with a rebound.
17:58 of 3rd period - Michael Bournival is hit by Carl Gunnarsson and loses puck.
18:07 of 3rd period - Snap shot by Ryan Russell.
18:07 of 3rd period - Shot Misses the Net.
18:31 of 3rd period - T.J Galiardi is hit by Dan Fritsche and loses puck.
19:08 of 3rd period - Minor Penalty to Evgeny Grachev for Hooking.
19:09 of 3rd period - Charlie Coyle wins face-off versus Dan Fritsche in Influenza zone.
19:41 of 3rd period - Mathieu Carle is hit by Jonathan Rheault and loses puck.
Goals for this period are 2 for Influenza vs 3 for Rafales.
Shots for this period are 12 for Influenza vs 8 for Rafales.